 Dungeon Crawl Stone Soup version 0.25.1-8-g42b30a86e7 (webtiles) character file.

Game seed: 218704645954588304

8383 Gabide the Impaler (level 11, -8/84 HPs)
             Began as a Human Chaos Knight on Nov 29, 2020.
             Was a Plaything of Xom.
             Mangled by a skeletal warrior
             ... wielding a +0 war axe
             ... led by a skeletal warrior
              (25 damage)
             ... on level 11 of the Dungeon on Nov 30, 2020.
             The game lasted 00:32:57 (10943 turns).

Gabide the Impaler (Human Chaos Knight)            Turns: 10943, Time: 00:32:58

Health: -8/84      AC: 13    Str: 15    XL:     11   Next: 54%
Magic:  11/11      EV: 15    Int: 13    God:    Xom [..*...]
Gold:   496        SH:  4    Dex: 17    Spells: 10/10 levels left

rFire    . . .     SeeInvis +   x - +12 halberd of the Crushing Fulmar {pain, MR+ Dex+4}
rCold    . . .     Gourm    .   (shield currently unavailable)
rNeg     . . .     Faith    .   b - +3 leather armour
rPois    +         Spirit   .   e - +0 helmet
rElec    .         Reflect  .   m - +0 cloak
rCorr    .         Harm     .   s - +0 pair of gloves
MR       +....                  (no boots)
Stlth    +.........             (no amulet)
HPRegen  0.24/turn              i - ring of see invisible
MPRegen  0.12/turn              a - ring of poison resistance

@: studying Polearms
A: icy blue scales 1, large bone plates 1, slimy green scales 1, deformed body,
shaggy fur 1
a: Renounce Religion


You were on level 11 of the Dungeon.
You worshipped Xom.
You were a toy of Xom.
You were not hungry.

You visited 1 branch of the dungeon, and saw 11 of its levels.

You collected 496 gold pieces.

Inventory:

Hand Weapons
 x - the +12 halberd of the Crushing Fulmar (weapon) {pain, MR+ Dex+4}
   (You found it on level 6 of the Dungeon)

   In the hands of one skilled in necromantic magic, it inflicts extra damage on
   living creatures.
   It affects your dexterity (+4).
   It affects your resistance to hostile enchantments.
 E - a +3 arbalest of flaming
Missiles
 d - 39 poisoned darts
 l - 5 javelins (quivered)
Armour
 b - a +3 leather armour (worn)
 e - a +0 helmet (worn)
 m - a +0 cloak (worn)
 s - a +0 pair of gloves (worn)
Jewellery
 a - a ring of poison resistance (right hand)
 i - a ring of see invisible (left hand)
 p - an uncursed ring of positive energy
 C - an uncursed ring of fire {unknown}
Wands
 w - a wand of acid (16)
 A - a wand of paralysis (7)
 B - a wand of polymorph (10)
Scrolls
 h - 6 scrolls of remove curse
 t - 2 scrolls of magic mapping
 y - a scroll of fear
Potions
 f - 3 potions of magic
 g - 2 potions of degeneration {unknown}
 k - a potion of haste {unknown}
 n - 2 potions of stabbing {unknown}
 o - a potion of heal wounds {unknown}
 q - 2 potions of ambrosia {unknown}
 r - 2 potions of mutation
 u - a potion of experience {unknown}
 v - a potion of brilliance {unknown}
Books
 z - a manual of Polearms
Comestibles
 c - 20 rations
 D - 6 chunks of flesh


   Skills:
 * Level 7.5 Fighting
 * Level 15.1 Polearms
 + Level 4.5 Armour
 * Level 6.0 Dodging
 - Level 0.1 Stealth
   Level 1.5 Shields
 - Level 0.1 Evocations


You had 10 spell levels left.
You didn't know any spells.
Your spell library contained the following spells:

 Spells                   Type           Power        Failure   Level  Hunger
 Freeze                   Ice            #...         36%         1    ##.....
 Ensorcelled Hibernation  Hex/Ice        #.....       50%         2    ###....
 Frozen Ramparts          Ice            #.....       75%         3    ####...
 Ice Form                 Ice/Tmut       #.......     98%         4    #####..
 Summon Ice Beast         Ice/Summ       #.......     98%         4    #####..
 Iron Shot                Conj/Erth      #.........   100%        6    #######


Dungeon Overview and Level Annotations

Branches:
Dungeon (11/15)            Temple (0/1) D:7             Orc (0/2) D:10
   Lair: D:8-11

Altars:
Cheibriados
Dithmenos
Fedhas
Hepliaklqana
Okawaru
Qazlal
Sif Muna
Trog
Uskayaw
Vehumet
Wu Jian
Xom
Yredelemnul
Zin
The Shining One

Shops:
D:8 (


Innate Abilities, Weirdness & Mutations

You are partially covered in icy blue scales. (AC +2)
You are partially covered in large bone plates. (SH +4)
You are partially covered in slimy green scales. (AC +2)
Armour fits poorly on your strangely shaped body.
You are covered in fur. (AC +1)


Message History

The skeletal warrior hits you with a cursed +0 mace.
The skeletal warrior hits you with a +0 war axe!
The skeletal warrior hits you from afar with a +0 glaive!
You block the skeletal warrior's attack.
Okay, then.
As you read the scroll of fear, it crumbles to dust.
You assume a fearsome visage.
The skeletal warrior is unaffected. x4
The skeletal warrior closely misses you. x2
The skeletal warrior misses you.
The skeletal warrior hits you with a cursed +0 mace! 2 orcs and an orc wizard come into view.
The orc wizard shouts!
An orc warrior comes into view. It is wielding a +0 dire flail.
The skeletal warrior hits you with a +0 halberd of pain!
* * * LOW HITPOINT WARNING * * *
You writhe in agony.
* * * LOW HITPOINT WARNING * * *
The skeletal warrior hits you with a +0 war axe!!
You die...
Xom giggles madly!

#............ o#o.
#.#..........
o.........#..........
.(...(####..........
#.### #.......... #..
#######.###
#####'###### #..#
#.....z....# #<##
+.....@.z..# #+#
#......zz..#
#..........#
#..........+
#..........#
############


You could see 4 skeletal warriors, an orc warrior (wandering), an orc wizard and
an orc (wandering).

Vanquished Creatures
  A two-headed ogre (D:9)
  The ghost of Cazemata the Severer, a novice MiBe of Trog (D:9)
  An ugly thing (D:11)
  A deep elf mage (D:8)
  Joseph (D:10)
  3 trolls
  2 hornets (D:10)
  A hippogriff (D:11)
  A vampire (D:9)
  A shadow (D:8)
  A hungry ghost (D:8)
  Menkaure (D:7)
  3 orc warriors
  A hornet zombie (D:10)
  4 ice beasts
  A sky beast (D:10)
  4 ogres
  7 centaurs
  A phantom (D:6)
  4 bullfrogs
  3 scorpions
  5 killer bees (D:8)
  3 howler monkeys
  2 crimson imps
  A bullfrog skeleton (D:5)
  2 centaur skeletons
  3 jellies
  5 orc priests
  3 centaur zombies
  11 hounds
  5 iguanas
  13 orc wizards
  4 worker ants
  2 killer bee zombies
  A hound zombie (D:6)
  A worker ant zombie (D:6)
  3 gnolls (D:4)
  10 adders
  A shadow imp (D:7)
  2 oozes
  An adder skeleton (D:9)
  An adder zombie (D:8)
  4 worms
  3 dart slugs
  7 leopard geckos
  38 orcs
  7 bats
  2 giant cockroaches
  4 goblins
  11 hobgoblins
  13 jackals
  14 kobolds
  2 quokkas
  2 ball pythons
  8 frilled lizards
  2 quokka skeletons
  2 quokka zombies
  11 rats
252 creatures vanquished.

Vanquished Creatures (collateral kills)
  A giant cockroach (D:2)
  2 frilled lizards (D:2)
3 creatures vanquished.

Grand Total: 255 creatures vanquished

Notes
Turn   | Place    | Note
-------+----------+-------------------------------------------
     0 | D:1      | Gabide the Human Chaos Knight began the quest for the Orb.
     0 | D:1      | Reached XP level 1. HP: 18/18 MP: 1/1
    10 | D:1      | XOM: potion effect (brilliance)
    23 | D:1      | Reached XP level 2. HP: 19/24 MP: 2/2
    91 | D:1      | XOM: divination: magic mapping
   302 | D:1      | XOM: silly message
   346 | D:1      | XOM: silly message
   458 | D:1      | Reached XP level 3. HP: 29/29 MP: 3/3
  1026 | D:2      | XOM: stat loss: -1 Str (12/13)
  1157 | D:2      | Found a blossoming altar of Fedhas.
  1232 | D:2      | XOM: 4-stop teleportation journey
  1245 | D:2      | Reached XP level 4. HP: 34/35 MP: 4/4
  1343 | D:2      | XOM: give mutation
  1343 | D:2      | Gained mutation: You are partially covered in icy blue
                  | scales. (AC +2) [Xom's mischief]
  1670 | D:2      | XOM: give mutations
  1670 | D:2      | Gained mutation: You are clumsy. (Dex -2) [Xom's mischief]
  1670 | D:2      | Gained mutation: You evolve. [Xom's mischief]
  1670 | D:2      | Gained mutation: You are dopey. (Int -2) [Xom's mischief]
  1697 | D:2      | XOM: give mutations
  1697 | D:2      | Gained mutation: You are very dopey. (Int -4) [Xom's
                  | mischief]
  1697 | D:2      | Gained mutation: You are very clumsy. (Dex -4) [Xom's
                  | mischief]
  1697 | D:2      | Lost mutation: You are very clumsy. (Dex -4) [Xom's
                  | mischief]
  1811 | D:3      | Noticed a moth of wrath
  1814 | D:3      | Found a bloodstained altar of Trog.
  1829 | D:3      | Reached skill level 4 in Polearms
  1846 | D:3      | HP: 2/54 [worm (7)]
  1999 | D:3      | XOM: noise
  2044 | D:3      | Reached XP level 5. HP: 28/41 MP: 5/5
  2154 | D:3      | XOM: give mutations
  2154 | D:3      | Lost mutation: You are clumsy. (Dex -2) [Xom's mischief]
  2154 | D:3      | Gained mutation: You are frail. (-10% HP) [Xom's mischief]
  2154 | D:3      | Gained mutation: Your body sometimes deteriorates upon
                  | taking damage. [Xom's mischief]
  2931 | D:4      | XOM: enchant monster (bad)
  2943 | D:4      | Reached skill level 1 in Shields
  2943 | D:4      | Reached XP level 6. HP: 28/43 MP: 6/6
  2947 | D:4      | Found a stormy altar of Qazlal.
  2947 | D:4      | XOM: 6-stop teleportation journey
  2956 | D:4      | Reached skill level 5 in Polearms
  3201 | D:4      | XOM: noise
  3231 | D:4      | Reached XP level 7. HP: 5/48 MP: 7/7
  3401 | D:4      | XOM: noise
  3668 | D:5      | Entered Level 5 of the Dungeon
  3860 | D:5      | Reached skill level 6 in Polearms
  4004 | D:5      | XOM: give mutations
  4004 | D:5      | Gained mutation: Armour fits poorly on your strangely
                  | shaped body. [Xom's mischief]
  4004 | D:5      | Lost mutation: You evolve. [Xom's mischief]
  4004 | D:5      | Lost mutation: Your body sometimes deteriorates upon taking
                  | damage. [Xom's mischief]
  4004 | D:5      | Lost mutation: Armour fits poorly on your strangely shaped
                  | body. [Xom's mischief]
  4152 | D:5      | XOM: 1-stop teleportation journey
  4314 | D:5      | XOM: stat loss: -1 Int (8/9)
  4555 | D:5      | XOM: summons 3 hostile shadow creatures
  4899 | D:5      | XOM: give mutation
  4899 | D:5      | Gained mutation: You are very frail. (-20% HP) [Xom's
                  | mischief]
  5055 | D:5      | XOM: enchant monster (bad)
  5287 | D:6      | Reached XP level 8. HP: 34/48 MP: 8/8
  5417 | D:6      | Reached skill level 7 in Polearms
  5527 | D:6      | Found a glowing silver altar of Zin.
  5732 | D:6      | XOM: cloud trail
  5786 | D:6      | Got a fine halberd
  5787 | D:6      | Identified the +12 halberd of the Crushing Fulmar {pain,
                  | MR+ Dex+4} (You found it on level 6 of the Dungeon)
  5790 | D:6      | XOM: divination: detect items
  6021 | D:7      | XOM: silly message
  6160 | D:7      | Reached skill level 8 in Polearms
  6268 | D:7      | XOM: potion effect (stabbing)
  6280 | D:7      | XOM: potion effect (brilliance)
  6286 | D:7      | XOM: butterfly on damage
  6290 | D:7      | Found a snail-covered altar of Cheibriados.
  6290 | D:7      | Found an iron altar of Okawaru.
  6290 | D:7      | Found a basalt altar of Yredelemnul.
  6290 | D:7      | Found a glowing golden altar of the Shining One.
  6290 | D:7      | Found an ornate altar of the Wu Jian Council.
  6290 | D:7      | Found a hazy altar of Hepliaklqana.
  6290 | D:7      | Found a radiant altar of Vehumet.
  6290 | D:7      | Found a hide-covered altar of Uskayaw.
  6312 | D:7      | Noticed Menkaure
  6326 | D:7      | Killed Menkaure
  6326 | D:7      | Reached skill level 5 in Fighting
  6326 | D:7      | Reached XP level 9. HP: 24/54 MP: 9/9
  6331 | D:7      | Reached skill level 9 in Polearms
  6622 | D:7      | Identified the Disquisition on the Rocks and Ice
  7039 | D:7      | Reached skill level 10 in Polearms
  7274 | D:7      | Found a staircase to the Ecumenical Temple.
  7316 | D:7      | Upgraded the game from 0.25.1-4-g9407a263a5 to
                  | 0.25.1-8-g42b30a86e7
  7349 | D:8      | XOM: potion effect (haste)
  7380 | D:8      | XOM: silly message
  7390 | D:8      | XOM: potion effect (might)
  7406 | D:8      | Lost mutation: You are very frail. (-20% HP) [potion of
                  | mutation]
  7406 | D:8      | Lost mutation: You are frail. (-10% HP) [potion of
                  | mutation]
  7406 | D:8      | Lost mutation: You are very dopey. (Int -4) [potion of
                  | mutation]
  7406 | D:8      | Gained mutation: You are partially covered in yellow
                  | scales. (AC +2) [potion of mutation]
  7406 | D:8      | Gained mutation: You are covered in fur. (AC +1) [potion of
                  | mutation]
  7803 | D:8      | XOM: divination: detect creatures
  7804 | D:8      | XOM: silly message
  7812 | D:8      | Reached skill level 11 in Polearms
  7817 | D:8      | Reached XP level 10. HP: 48/74 MP: 10/10
  7974 | D:8      | XOM: 1-stop teleportation journey
  8012 | D:8      | Noticed a deep elf mage
  8024 | D:8      | Killed a deep elf mage
  8032 | D:8      | XOM: noise
  8099 | D:8      | Reached skill level 12 in Polearms
  8220 | D:8      | Reached skill level 5 in Dodging
  8348 | D:8      | Found Wamooti's Weapon Boutique.
  8623 | D:9      | Found a shadowy altar of Dithmenos.
  8669 | D:9      | Found a runed translucent door.
  8669 | D:9      | Noticed Cazemata's ghost (novice MiBe)
  8694 | D:9      | Found a shimmering blue altar of Sif Muna.
  8848 | D:9      | XOM: confuse monster(s)
  8948 | D:9      | Noticed a two-headed ogre
  8956 | D:9      | Killed a two-headed ogre
  9117 | D:9      | XOM: destruction
  9227 | D:9      | Reached skill level 13 in Polearms
  9245 | D:9      | XOM is BORED!
  9245 | D:9      | XOM: noise
  9271 | D:9      | XOM: cloud trail
  9319 | D:9      | XOM: scenery: 1 doors open, 1 doors close
  9453 | D:9      | Killed Cazemata's ghost
  9453 | D:9      | Reached XP level 11. HP: 62/83 MP: 11/11
  9744 | D:10     | Entered Level 10 of the Dungeon
  9744 | D:10     | Found a staircase to the Orcish Mines.
  9856 | D:10     | XOM: 7-stop teleportation journey
  9858 | D:10     | XOM: scenery: create altars
  9859 | D:10     | XOM: scenery: create altars
 10153 | D:10     | Reached skill level 14 in Polearms
 10292 | D:10     | Noticed Joseph
 10306 | D:10     | Killed Joseph
 10583 | D:10     | Lost mutation: You are dopey. (Int -2) [potion of mutation]
 10583 | D:10     | Lost mutation: You are partially covered in yellow scales.
                  | (AC +2) [potion of mutation]
 10583 | D:10     | Gained mutation: Armour fits poorly on your strangely
                  | shaped body. [potion of mutation]
 10583 | D:10     | Gained mutation: You are partially covered in slimy green
                  | scales. (AC +2) [potion of mutation]
 10583 | D:10     | Gained mutation: You are partially covered in large bone
                  | plates. (SH +4) [potion of mutation]
 10895 | D:11     | Noticed a cyan ugly thing
 10906 | D:11     | Killed a cyan ugly thing
 10906 | D:11     | Reached skill level 15 in Polearms
 10938 | D:11     | XOM: 1-stop teleportation journey
 10939 | D:11     | Noticed a skeletal warrior
 10939 | D:11     | Noticed a skeletal warrior
 10939 | D:11     | Noticed a skeletal warrior
 10939 | D:11     | Noticed a skeletal warrior
 10943 | D:11     | Mangled by a skeletal warrior

Illustrated notes

Levels and vault maps discovered:
D:1:      dpeg_arrival_ternary, layout_loops_ring,
          chequers_serial_rivers_large_a
D:2:      layout_rooms, fedhas_altar_2
D:3:      layout_basic, tgw_trog, serial_glass, glass_columns_c,
          glass_columns_c, glass_columns_c, glass_columns_a, glass_columns_c,
          glass_columns_c, glass_columns_b, glass_columns_a,
          minmay_misc_feat_columns
D:4:      layout_rooms, nicolae_overflow_crystal_walls
D:5:      layout_basic, first_ration
D:6:      layout_basic, zin_statuary
D:7:      layout_basic, grunt_temple_overflow_open, minmay_temple_entry_hall,
          skrybe_limestone_x, uniq_menkaure
D:8:      layout_cave_pools, serial_shops, shop, grunt_ogre_cave,
          minmay_manual_monstrance
D:9:      layout_gridville, led_sif_pool, overflow_temple_1_default,
          hellmonk_ghost_happy_afterlife
D:10:     minmay_spotlight, layout_irregular_city, orc_0_dummy, uniq_joseph
D:11:     layout_roguey, erik_lair_island

Skill      XL: |  1  2  3  4  5  6  7  8  9 10 11 |
---------------+----------------------------------+-----
Polearms       | 4 5 6 8 11 13 15 | 15.1
Dodging        | 2 3 4 5 6 |  6.0
Shields        | 1 |  1.5
Fighting       | 4 5 6 7 |  7.5
Armour         | 3 4 |  4.5
Stealth        | |  0.1
Evocations     | |  0.1

Action                   |  1- 3 |  4- 6 |  7- 9 | 10-12 || total
-------------------------+-------+-------+-------+-------++-------
Melee: Spear             |   109 |   193 |     4 |       ||   306
       Halberd           |       |       |   296 |   207 ||   503
Throw: Javelin           |       |     6 |    14 |    16 ||    36
       Dart              |       |       |     4 |       ||     4
Evoke: Wand              |       |       |     1 |     1 ||     2
  Use: Scroll            |     6 |     2 |     7 |     8 ||    23
       Potion            |       |     5 |     4 |     1 ||    10
 Stab: Sleeping          |     2 |       |     2 |     5 ||     9
       Paralysed         |       |     3 |       |       ||     3
       Distracted        |       |       |     1 |     2 ||     3
       Confused          |       |       |       |     1 ||     1
  Eat: Chunk             |     1 |     7 |    12 |     6 ||    26
       Ration            |       |       |     1 |     1 ||     2
Armor: Leather armour    |     9 |    63 |   110 |    34 ||   216
       Skin              |       |    10 |       |       ||    10
Dodge: Dodged            |    38 |   102 |   205 |    88 ||   433
Block: Buckler           |       |    14 |     1 |       ||    15
       Other             |       |       |       |     4 ||     4
